[Event "Titled Tuesday Blitz November 07 Late 2023"]
[White "Novik, Maxim"]
[Black "Aung Thant Zin"]
[WhiteFideId "4102924"]
[BlackFideId "13000063"]
[WhiteElo "2499"]
[BlackElo "2021"]
[Result "1/2-1/2"]
[Round "4"]
[TimeControl "180+1"]
[Date "2023.11.07"]
[WhiteClock "0:00:45"]
[BlackClock "0:00:13"]
[Board "92"]

1. e4 c5 2. Nc3 a6 3. g3 Nc6 4. Bg2 d6 5. Nge2 Nf6 6. O-O g6 7. d4 cxd4 8. Nxd4 Bd7 9. Nd5 Bg7 10. Nxc6 bxc6 11. Nxf6+ Bxf6 12. c4 O-O 13. Qc2 Rb8 14. Rb1 Qa5 15. b3 d5 16. exd5 cxd5 17. Bxd5 Bf5 18. Be4 Bxe4 19. Qxe4 Qxa2 20. Bh6 Rfd8 21. Rfd1 Rxd1+ 22. Rxd1 Qxb3 23. Rd3 Qb4 24. Qd5 Bg7 25. Qd8+ Bf8 26. Bxf8 Rxd8 27. Rxd8 Qb1+ 28. Kg2 f5 29. Bxe7+ Kf7 30. Bg5 Qe4+ 31. Kg1 Qxc4 32. Rd7+ Ke8 33. Re7+ Kf8 34. Rxh7 a5 35. Ra7 a4 36. h4 Qb3 37. Be7+ Ke8 38. Bc5 Qb1+ 39. Kh2 Qb5 40. Be3 Qb3 41. Bc5 Qb5 42. Be3 Qb3 43. Bc5 Qb5 1/2-1/2


[Site "https://www.chess.com"]

[Event "Titled Tuesday Blitz November 07 Late 2023"]
[White "kalxandria"]
[Black "Goltsev, Dmitry"]
[BlackFideId "24176710"]
[WhiteElo "2237"]
[BlackElo "2730"]
[Result "0-1"]
[Round "4"]
[TimeControl "180+1"]
[Date "2023.11.07"]
[WhiteClock "0:00:00"]
[BlackClock "0:01:34"]
[Board "93"]

1. e4 e6 2. d4 d5 3. Nd2 c5 4. exd5 exd5 5. Ngf3 Nf6 6. Bb5+ Nc6 7. O-O Be7 8. dxc5 Bxc5 9. Nb3 Bb6 10. Re1+ Be6 11. Be3 O-O 12. Bxb6 Qxb6 13. a4 Bg4 14. Qd2 Ne4 15. Qe3 Qxe3 16. Rxe3 Nb4 17. Nfd4 Nd6 18. c3 a6 19. Bf1 Nc6 20. f3 Bd7 21. Nc5 Bc8 22. Rd1 Na5 23. Re7 b6 24. Ncb3 Nac4 25. a5 bxa5 26. Bxc4 Nxc4 27. Nc5 Nxb2 28. Rde1 Nc4 29. Re8 Be6 30. Rxa8 Rxa8 31. Ndxe6 fxe6 32. Rxe6 Rc8 33. Nxa6 a4 34. Nb4 a3 35. Ra6 Re8 36. Kf2 Re3 37. Nxd5 Rd3 38. Nb6 Rd2+ 39. Kg3 Ne3 40. Rxa3 g5 0-1


[Site "https://www.chess.com"]

[Event "Titled Tuesday Blitz November 07 Late 2023"]
[White "Carrasco Miranda, Andres"]
[Black "Priasmoro, Novendra"]
[WhiteFideId "3405990"]
[BlackFideId "7105029"]
[WhiteElo "2412"]
[BlackElo "2679"]
[Result "0-1"]
[Round "4"]
[TimeControl "180+1"]
[Date "2023.11.07"]
[WhiteClock "0:01:37"]
[BlackClock "0:01:58"]
[Board "94"]

1. d4 Nf6 2. c4 e6 3. g3 d5 4. Bg2 Be7 5. Nf3 O-O 6. O-O dxc4 7. Qc2 a6 8. a4 Bd7 9. Qxc4 Bc6 10. Bg5 Nbd7 11. Rd1 a5 12. Nc3 h6 13. Bxf6 Nxf6 14. e3 Bxf3 15. Bxf3 c6 16. h4 Qb6 17. Rab1 Rfd8 18. Kg2 Rac8 19. Ne4 Nd5 20. Nc5 Bxc5 21. dxc5 Qb4 22. Bxd5 cxd5 23. Qxb4 axb4 24. Rbc1 e5 25. e4 dxe4 26. Rxd8+ Rxd8 27. Rc4 Rd2 28. Rxb4 e3 29. Rxb7 e2 0-1


[Site "https://www.chess.com"]

[Event "Titled Tuesday Blitz November 07 Late 2023"]
[White "Arnold, Ken"]
[Black "Mladenovic, Stefan"]
[WhiteFideId "2056836"]
[BlackFideId "942227"]
[WhiteElo "2411"]
[BlackElo "2658"]
[Result "1/2-1/2"]
[Round "4"]
[TimeControl "180+1"]
[Date "2023.11.07"]
[WhiteClock "0:00:10"]
[BlackClock "0:00:02"]
[Board "95"]

1. e4 c5 2. Nf3 d6 3. d4 cxd4 4. Qxd4 a6 5. c4 Nc6 6. Qd2 Nf6 7. Nc3 g6 8. h3 Bg7 9. Be2 O-O 10. O-O Nd7 11. Re1 Nc5 12. Bf1 f5 13. exf5 Bxf5 14. Nd5 Bxh3 15. Ng5 Bd7 16. b4 Bxa1 17. bxc5 dxc5 18. Bb2 Bxb2 19. Qxb2 e6 20. Nxe6 Bxe6 21. Rxe6 Nd4 22. Re7 b5 23. Qc1 Nf5 24. Re5 Qh4 25. Qb2 Nd4 26. cxb5 axb5 27. Bxb5 Rab8 28. Ne7+ Kh8 29. Rxc5 Qxe7 30. Qxd4+ Qf6 31. Qxf6+ Rxf6 32. a4 Rf5 33. Rc7 Rf4 34. g3 Rb4 35. Kg2 Rb2 36. Rf7 Rb4 37. f4 Kg8 38. Rc7 Rf8 39. Bc4+ Kh8 40. a5 Ra4 41. a6 Rd8 42. a7 Rf8 43. Bd5 h5 44. a8=Q Raxa8 45. Bxa8 Rxa8 46. Kh3 Ra5 47. Kh4 Rb5 48. Rf7 Rc5 49. Rb7 Kg8 50. g4 hxg4 51. Kxg4 Kf8 52. Ra7 Kg8 53. Kf3 Rb5 54. Ke3 Rc5 55. Ke4 Rb5 56. Ra6 Kg7 57. Ra7+ Kh6 58. Re7 Ra5 59. Re6 Kh5 60. Re8 Kg4 61. Rf8 Ra4+ 62. Ke5 Ra5+ 63. Ke6 Ra4 64. Ke5 Ra6 65. Rf7 Ra5+ 66. Kf6 Rf5+ 67. Kxg6 Rxf4 68. Rxf4+ Kxf4 1/2-1/2


[Site "https://www.chess.com"]

[Event "Titled Tuesday Blitz November 07 Late 2023"]
[White "Martins, Vinicius Tine"]
[Black "Tokhirjonova, Gulrukhbegim"]
[WhiteFideId "2112884"]
[BlackFideId "14203626"]
[WhiteElo "2404"]
[BlackElo "2644"]
[Result "0-1"]
[Round "4"]
[TimeControl "180+1"]
[Date "2023.11.07"]
[WhiteClock "0:00:20"]
[BlackClock "0:00:20"]
[Board "96"]

1. e4 e5 2. Nf3 Nc6 3. Bb5 a6 4. Ba4 Nf6 5. O-O Be7 6. Bxc6 dxc6 7. d3 Bd6 8. b3 c5 9. Bb2 Nd7 10. Nbd2 O-O 11. Nc4 Re8 12. Nxd6 cxd6 13. a4 Nf8 14. Nd2 Ng6 15. a5 f5 16. Qe2 Nf4 17. Qe3 Rf8 18. Rfe1 Be6 19. Nc4 Qe7 20. Nb6 Rad8 21. c4 Qg5 22. Qg3 Qxg3 23. hxg3 Nxd3 24. Re2 fxe4 25. Bc3 Bg4 26. Rd2 Rf7 27. Nd5 Bf5 28. Ne3 Bg6 29. Rf1 Rdf8 30. Nd1 h5 31. Ne3 Kh7 32. Nd1 Bf5 33. Ne3 Bd7 34. Nd1 Bc6 35. Ne3 g5 36. Nd1 Kg6 37. Ne3 h4 38. g4 Nf4 39. Rxd6+ Rf6 40. Bxe5 Rxd6 41. Bxd6 Rh8 42. Bxc5 h3 43. g3 Nd3 44. Bd4 Rd8 45. Bc3 Rf8 46. Bd4 Rf7 47. Nf5 e3 48. Nxe3 h2+ 49. Kxh2 Rh7+ 50. Kg1 Rh1# 0-1


[Site "https://www.chess.com"]

[Event "Titled Tuesday Blitz November 07 Late 2023"]
[White "Inepton_Fermion"]
[Black "Janaszak, Dawid"]
[BlackFideId "1119206"]
[WhiteElo "2400"]
[BlackElo "2633"]
[Result "1-0"]
[Round "4"]
[TimeControl "180+1"]
[Date "2023.11.07"]
[WhiteClock "0:00:01"]
[BlackClock "0:00:32"]
[Board "97"]

1. Nf3 g6 2. e4 c5 3. d4 cxd4 4. Nxd4 Nc6 5. c4 e5 6. Nb5 d6 7. Bd3 Nf6 8. Bg5 Bg7 9. Be2 O-O 10. N1c3 Nd4 11. Nxd4 exd4 12. Qxd4 h6 13. Bh4 g5 14. Bg3 Re8 15. Qd3 b5 16. cxb5 Bb7 17. f3 d5 18. e5 Nh5 19. O-O Nxg3 20. hxg3 Bxe5 21. f4 Qb6+ 22. Kh2 Bxc3 23. bxc3 Re3 24. Qd2 Rae8 25. Bh5 Qf6 26. fxg5 Qxg5 27. Bxf7+ Kg7 28. Bxe8 d4 29. Qxd4+ Re5 30. Rf7+ Kg8 31. Rxb7 Qh5+ 32. Bxh5 Rxh5+ 33. Kg1 Rh1+ 34. Kxh1 1-0


[Site "https://www.chess.com"]

[Event "Titled Tuesday Blitz November 07 Late 2023"]
[White "Gerbelli Neto, Eduardo"]
[Black "Volkov, Maksim"]
[WhiteFideId "2103281"]
[BlackFideId "54123070"]
[WhiteElo "2393"]
[BlackElo "2632"]
[Result "0-1"]
[Round "4"]
[TimeControl "180+1"]
[Date "2023.11.07"]
[WhiteClock "0:00:01"]
[BlackClock "0:00:34"]
[Board "98"]

1. e4 a6 2. c4 c5 3. Nc3 Nc6 4. Nf3 g6 5. d4 cxd4 6. Nxd4 Bg7 7. Nxc6 bxc6 8. Qf3 Qa5 9. Bd2 Rb8 10. O-O-O Qb4 11. b3 Qa3+ 12. Kb1 d6 13. Bc1 Qa5 14. Bb2 Nf6 15. Be2 O-O 16. h3 Nd7 17. Qd3 Nc5 18. Qd2 f5 19. f3 Qb4 20. g4 fxe4 21. Nxe4 Nxe4 22. Qxb4 Rxb4 23. fxe4 Rf2 24. Bxg7 Kxg7 25. Bd3 c5 26. Rhf1 Rh2 27. Rf3 Be6 28. Re1 a5 29. e5 d5 30. cxd5 Bxd5 31. Rfe3 c4 32. Be4 Be6 33. Rc1 cxb3 34. axb3 Bxb3 0-1


[Site "https://www.chess.com"]

[Event "Titled Tuesday Blitz November 07 Late 2023"]
[White "Wieczorek, Oskar"]
[Black "Bashylina, Luisa"]
[WhiteFideId "1133950"]
[BlackFideId "12983292"]
[WhiteElo "2632"]
[BlackElo "2383"]
[Result "1-0"]
[Round "4"]
[TimeControl "180+1"]
[Date "2023.11.07"]
[WhiteClock "0:01:23"]
[BlackClock "0:00:38"]
[Board "99"]

1. e4 c5 2. Nf3 e6 3. d4 cxd4 4. Nxd4 a6 5. Nc3 Qc7 6. g3 Nf6 7. Bg2 Nc6 8. O-O Be7 9. Re1 Nxd4 10. Qxd4 Bc5 11. Bf4 Bxd4 12. Bxc7 O-O 13. Bd6 Re8 14. e5 Ng4 15. Re4 Bxc3 16. bxc3 Nh6 17. Rb4 f6 18. a4 fxe5 19. Bxe5 Nf7 20. Bc7 Ra7 21. a5 d5 22. c4 dxc4 23. Rxc4 Bd7 24. Bb6 Raa8 25. Bxb7 Rab8 26. Bxa6 Ne5 27. Rc7 Bc6 28. f4 Nf3+ 29. Kf2 Ba8 30. Rd1 e5 31. Rdd7 1-0


[Site "https://www.chess.com"]

[Event "Titled Tuesday Blitz November 07 Late 2023"]
[White "PapaieDudu"]
[Black "TintinUndercover"]
[WhiteElo "2375"]
[BlackElo "2595"]
[Result "1-0"]
[Round "4"]
[TimeControl "180+1"]
[Date "2023.11.07"]
[WhiteClock "0:00:03"]
[BlackClock "0:00:13"]
[Board "100"]

1. e4 c5 2. Nf3 Nc6 3. d4 cxd4 4. c3 Nf6 5. e5 Nd5 6. cxd4 d6 7. exd6 e6 8. Nc3 Qxd6 9. Bd3 Be7 10. h4 Nf4 11. Bb1 Nxg2+ 12. Kf1 Nf4 13. Ne5 Nxe5 14. Bxf4 Qa6+ 15. Kg1 Ng6 16. Bd3 Qb6 17. Be3 Bd7 18. h5 Nf8 19. d5 Qd8 20. Rc1 a6 21. Bf4 Bg5 22. Qd2 Bxf4 23. Qxf4 Qf6 24. Qg3 Rc8 25. Rc2 b5 26. Ne4 Qd8 27. Nd6+ Ke7 28. Nxc8+ Bxc8 29. d6+ Ke8 30. Rc7 Bd7 31. Be4 g6 32. Ra7 Bc8 33. Re7+ Qxe7 34. dxe7 Nd7 35. Qd6 Rg8 36. Bc6 gxh5+ 37. Kf1 Rg5 38. Rg1 Rg6 39. Rxg6 hxg6 40. Kg2 g5 41. f3 g4 42. fxg4 hxg4 43. Kg3 f5 44. Kf4 e5+ 45. Kxf5 g3 46. Kg4 g2 47. Bxg2 Nc5+ 48. Kh4 Nb7 49. Bc6+ Kf7 50. e8=Q+ Kg7 51. Qdg6# 1-0


[Site "https://www.chess.com"]

[Event "Titled Tuesday Blitz November 07 Late 2023"]
[White "Eggleston, Thomas A"]
[Black "Shapiro, Viktor"]
[WhiteFideId "412139"]
[BlackFideId "4175700"]
[WhiteElo "2374"]
[BlackElo "2580"]
[Result "0-1"]
[Round "4"]
[TimeControl "180+1"]
[Date "2023.11.07"]
[WhiteClock "0:00:00"]
[BlackClock "0:00:52"]
[Board "101"]

1. e4 Nf6 2. e5 Nd5 3. c4 Nb6 4. c5 Nd5 5. Nc3 e6 6. Nxd5 exd5 7. d4 b6 8. b4 a5 9. cxb6 Bxb4+ 10. Bd2 Bxd2+ 11. Qxd2 cxb6 12. f4 O-O 13. Nf3 d6 14. Bd3 Ba6 15. O-O Bxd3 16. Qxd3 Nc6 17. f5 dxe5 18. dxe5 f6 19. e6 Qd6 20. Rad1 Ne7 21. Nd4 Rac8 22. a4 Rc4 23. Kh1 Rfc8 24. Nb5 Qc5 25. Qg3 Rc1 26. Nd6 Rc6 27. Ne4 Rxd1 28. Rxd1 Qd4 29. Qb8+ Nc8 30. Nxf6+ gxf6 31. Rg1 Qe5 32. Qb7 Qc7 33. Qa6 Rc1 34. Qe2 Rxg1+ 35. Kxg1 Ne7 36. h3 Qc1+ 37. Kh2 Qf4+ 38. g3 Qxf5 0-1


[Site "https://www.chess.com"]

[Event "Titled Tuesday Blitz November 07 Late 2023"]
[White "Czopor, Maciej"]
[Black "Prithu Gupta"]
[WhiteFideId "21805431"]
[BlackFideId "46618546"]
[WhiteElo "2553"]
[BlackElo "2364"]
[Result "0-1"]
[Round "4"]
[TimeControl "180+1"]
[Date "2023.11.07"]
[WhiteClock "0:00:14"]
[BlackClock "0:00:08"]
[Board "102"]

1. c4 e5 2. Nc3 Nc6 3. e3 Nf6 4. a3 a5 5. Nf3 Be7 6. Be2 O-O 7. O-O d5 8. cxd5 Nxd5 9. Qc2 Be6 10. Ne4 f5 11. Nc5 Bxc5 12. Qxc5 e4 13. Nd4 Nxd4 14. Qxd4 Nb6 15. Qe5 Qd6 16. Qxd6 cxd6 17. d3 Rac8 18. dxe4 fxe4 19. Bd1 a4 20. Bd2 Bb3 21. Bg4 Rc2 22. Bc3 Bc4 23. Bd1 Rxc3 24. bxc3 Bxf1 25. Kxf1 Nd5 26. Bxa4 Nxe3+ 27. Ke2 Nxg2 28. Bb3+ Kh8 29. Rd1 Nf4+ 30. Ke3 Nd3 31. Rd2 Nc5 32. Bc2 Rf3+ 33. Ke2 Rxc3 34. Rxd6 g6 35. Kd2 Rxa3 36. Rd5 b6 37. Rd6 Rf3 38. Ke2 Rc3 39. Kd2 Rh3 40. Rxb6 Rxh2 41. Ke3 Kg7 42. Rc6 Rh5 43. Bd1 Rh3+ 44. Ke2 Nd3 45. Rc7+ Kf6 46. Bb3 Nf4+ 0-1


[Site "https://www.chess.com"]

[Event "Titled Tuesday Blitz November 07 Late 2023"]
[White "Kujawski, Adam"]
[Black "Cervantes Landeiro, Thalia"]
[WhiteFideId "1100920"]
[BlackFideId "3520498"]
[WhiteElo "2362"]
[BlackElo "2548"]
[Result "1-0"]
[Round "4"]
[TimeControl "180+1"]
[Date "2023.11.07"]
[WhiteClock "0:00:29"]
[BlackClock "0:00:08"]
[Board "104"]

1. e4 c5 2. Nf3 d6 3. d4 cxd4 4. Nxd4 Nf6 5. Nc3 a6 6. Bg5 e6 7. f4 h6 8. Bh4 Qb6 9. Qd3 Nbd7 10. O-O-O Be7 11. g4 Nc5 12. Qf3 Qc7 13. Bg3 b5 14. g5 hxg5 15. fxg5 Nfd7 16. g6 f6 17. e5 Bb7 18. Qg4 Nxe5 19. Bxe5 f5 20. Nxe6 Nxe6 21. Qxf5 Rf8 22. Qxe6 Bxh1 23. Nxb5 axb5 24. Bxb5+ Bc6 25. Bxd6 Qxd6 26. Bxc6+ Kd8 27. Rxd6+ Kc7 28. Qxe7+ Kb6 29. Bf3+ 1-0


[Site "https://www.chess.com"]

[Event "Titled Tuesday Blitz November 07 Late 2023"]
[White "Jimenez Almeida, Luis David"]
[Black "Becerra, Juan David"]
[WhiteFideId "22242244"]
[BlackFideId "4404998"]
[WhiteElo "2545"]
[BlackElo "2358"]
[Result "0-1"]
[Round "4"]
[TimeControl "180+1"]
[Date "2023.11.07"]
[WhiteClock "0:00:02"]
[BlackClock "0:00:04"]
[Board "105"]

1. e4 e6 2. d4 d5 3. e5 c5 4. c3 Nc6 5. Nf3 Bd7 6. a3 c4 7. Nbd2 Na5 8. g3 Qb6 9. Rb1 Nb3 10. Nxb3 Ba4 11. Bf4 Ne7 12. Qd2 Bxb3 13. h4 Nc6 14. Bh3 Be7 15. O-O g6 16. Bg5 O-O-O 17. Qf4 Rdf8 18. Bh6 Bc2 19. Rbc1 Bd3 20. Bxf8 Rxf8 21. Rfd1 Qxb2 22. Ng5 Bxg5 23. Qxg5 h5 24. Qh6 Qxa3 25. Kh2 Qe7 26. Qe3 a5 27. Rxd3 cxd3 28. c4 Rd8 29. cxd5 Rxd5 30. Bg2 d2 31. Qxd2 Qb4 32. Qxb4 axb4 33. Bxd5 exd5 34. Rc5 b3 35. Rxd5 Kc7 36. Rb5 Nxd4 37. Rb4 Nf3+ 38. Kg2 Nxe5 39. Rxb3 Kc6 40. f4 Nd7 41. Kf3 b5 42. Rc3+ Nc5 43. Ke3 b4 44. Rc1 b3 45. Kd4 b2 46. Rxc5+ Kb6 47. Rc8 Kb7 48. Rf8 b1=Q 49. Rxf7+ Kc8 50. Ke5 Qb2+ 51. Ke6 Qb6+ 52. Ke7 Qd4 53. Kf8 Qh8+ 54. Ke7 Kc7 55. Rf6 Qg7+ 56. Ke6 Qd7+ 57. Ke5 Qg4 58. Rf7+ Kc6 59. f5 Qxg3+ 60. Ke6 Qb3+ 61. Kf6 gxf5 62. Rf8 Kd6 63. Kg5 Qg3+ 64. Kxh5 Qg4+ 65. Kh6 Qxh4+ 66. Kg7 Qg5+ 67. Kh8 Qh6+ 68. Kg8 Qxf8+ 0-1


[Site "https://www.chess.com"]

[Event "Titled Tuesday Blitz November 07 Late 2023"]
[White "Wartiovaara, Oliver"]
[Black "Jarocka, Liwia"]
[WhiteFideId "513024"]
[BlackFideId "21807558"]
[WhiteElo "2529"]
[BlackElo "2349"]
[Result "1-0"]
[Round "4"]
[TimeControl "180+1"]
[Date "2023.11.07"]
[WhiteClock "0:01:24"]
[BlackClock "0:00:40"]
[Board "106"]

1. b3 d5 2. Bb2 Bf5 3. Nf3 e6 4. g3 Nf6 5. Bg2 Be7 6. O-O O-O 7. d3 c5 8. Nh4 Bg6 9. Nxg6 hxg6 10. e4 Nc6 11. e5 Nd7 12. f4 Rc8 13. c4 d4 14. h4 f5 15. exf6 Nxf6 16. Re1 Qd7 17. Bh3 Nd8 18. Nd2 Nh5 19. Qg4 Rc6 20. Qxg6 Nf6 21. Nf3 Qe8 22. Qxe8 Rxe8 23. Re2 Nh5 24. Kf2 Bxh4 25. Nxh4 1-0


[Site "https://www.chess.com"]

[Event "Titled Tuesday Blitz November 07 Late 2023"]
[White "Marcziter, Dmitrii"]
[Black "Santos Flores, Alberto"]
[WhiteFideId "13900765"]
[BlackFideId "3601234"]
[WhiteElo "2348"]
[BlackElo "2523"]
[Result "0-1"]
[Round "4"]
[TimeControl "180+1"]
[Date "2023.11.07"]
[WhiteClock "0:00:00"]
[BlackClock "0:00:19"]
[Board "107"]

1. d4 d5 2. c4 c6 3. Nf3 Nf6 4. Nc3 dxc4 5. a4 Bf5 6. e3 e6 7. a5 Bb4 8. Qa4 Qe7 9. Bxc4 Ne4 10. Bd2 Nxd2 11. Nxd2 O-O 12. O-O Nd7 13. e4 Bg6 14. Rfe1 h6 15. Nf3 Bd6 16. Rad1 e5 17. d5 c5 18. h3 Nf6 19. Bd3 Nh5 20. Bf1 Nf4 21. g3 Bh5 22. Re3 Bxf3 23. Rxf3 Ng6 24. h4 b6 25. a6 Qe8 26. Nb5 Qd7 27. Rf5 Ne7 28. Rf3 g6 29. h5 Kg7 30. Kg2 f5 31. hxg6 f4 32. Be2 Nxg6 33. Rh1 Rf6 34. Qc2 Raf8 35. Nxd6 Qxd6 36. Rh3 Qd7 37. Rh1 Qf7 38. Bc4 fxg3 39. Rxf6 Qxf6 40. fxg3 Qf3+ 41. Kh2 Qe3 0-1


[Site "https://www.chess.com"]

[Event "Titled Tuesday Blitz November 07 Late 2023"]
[White "Ward, Ieuan C"]
[Black "Ziatdinov, Raset"]
[WhiteFideId "406627"]
[BlackFideId "2015323"]
[WhiteElo "2345"]
[BlackElo "2517"]
[Result "1/2-1/2"]
[Round "4"]
[TimeControl "180+1"]
[Date "2023.11.07"]
[WhiteClock "0:00:22"]
[BlackClock "0:00:50"]
[Board "108"]

1. d4 d5 2. c4 e6 3. Nc3 Nf6 4. Bg5 Be7 5. Nf3 O-O 6. e3 Nbd7 7. Rc1 a6 8. cxd5 exd5 9. Bd3 c6 10. O-O Re8 11. a3 Nf8 12. Ne5 N6d7 13. Bxe7 Qxe7 14. Nxd7 Bxd7 15. Ne2 Rad8 16. Ng3 Bc8 17. Qc2 Rd6 18. Nf5 Bxf5 19. Bxf5 g6 20. Bd3 Ne6 21. b4 h5 22. Rce1 h4 23. h3 Ng5 24. Qd1 f5 25. Kh1 Rf6 26. Qc2 Ne4 27. Bxe4 fxe4 28. f4 exf3 29. Rxf3 Rxf3 30. Qxg6+ Kf8 31. Qh6+ Qg7 32. Qxg7+ Kxg7 33. gxf3 Kf6 34. Kg2 Rg8+ 35. Kf2 Rg3 36. Rh1 Kf5 37. Rh2 Kf6 38. Rh1 Kf5 39. Rh2 Kf6 40. Rh1 1/2-1/2


[Site "https://www.chess.com"]

[Event "Titled Tuesday Blitz November 07 Late 2023"]
[White "Onslow, Alfie"]
[Black "Pasti, Aron"]
[WhiteFideId "436976"]
[BlackFideId "785857"]
[WhiteElo "2344"]
[BlackElo "2509"]
[Result "1-0"]
[Round "4"]
[TimeControl "180+1"]
[Date "2023.11.07"]
[WhiteClock "0:00:52"]
[BlackClock "0:01:11"]
[Board "109"]

1. c4 e5 2. Nc3 Nf6 3. Nf3 Nc6 4. e4 Bc5 5. Nxe5 Nxe5 6. d4 Bb4 7. dxe5 Nxe4 8. Qf3 Nxc3 9. bxc3 Bc5 10. Bd3 O-O 11. Bf4 d6 12. O-O-O Be6 13. Qh5 g6 14. Qh6 f5 15. h4 Ba3+ 16. Kc2 b5 17. h5 bxc4 18. hxg6 cxd3+ 19. Rxd3 Qe7 20. g7 Qxg7 21. Rg3 Rf7 22. Rxg7+ Rxg7 23. Qxe6+ Kh8 24. Qf6 Rb8 25. Bh6 1-0


[Site "https://www.chess.com"]

[Event "Titled Tuesday Blitz November 07 Late 2023"]
[White "Reprintsev, Alexander"]
[Black "MariusBieliauskas"]
[WhiteFideId "14100541"]
[WhiteElo "2507"]
[BlackElo "2341"]
[Result "1-0"]
[Round "4"]
[TimeControl "180+1"]
[Date "2023.11.07"]
[WhiteClock "0:00:59"]
[BlackClock "0:00:00"]
[Board "110"]

1. e4 c5 2. b3 b6 3. d4 cxd4 4. Qxd4 Nc6 5. Qd2 Nf6 6. Nc3 d6 7. Bb2 Bb7 8. O-O-O e6 9. f4 Be7 10. g4 O-O 11. g5 Nd7 12. Nf3 Rc8 13. h4 Nb4 14. Kb1 Re8 15. a3 Na6 16. h5 Bf8 17. g6 fxg6 18. hxg6 h6 19. Ng5 Nf6 20. Bh3 Nc5 21. Nf7 Qc7 22. Nb5 Ncxe4 23. Nxc7 Nxd2+ 24. Rxd2 Rxc7 25. Re1 Ne4 26. Rde2 d5 27. c4 Rxf7 28. gxf7+ Kxf7 29. f5 Ng5 30. fxe6+ Kg6 31. Bg2 1-0


[Site "https://www.chess.com"]

[Event "Titled Tuesday Blitz November 07 Late 2023"]
[White "Rottenwohrer Suarez, Juan"]
[Black "Shapiro, Daniel"]
[WhiteFideId "32068182"]
[BlackFideId "2001780"]
[WhiteElo "2505"]
[BlackElo "2339"]
[Result "1-0"]
[Round "4"]
[TimeControl "180+1"]
[Date "2023.11.07"]
[WhiteClock "0:00:29"]
[BlackClock "0:00:27"]
[Board "111"]

1. e4 c5 2. Nf3 Nc6 3. d4 cxd4 4. Nxd4 Nf6 5. Nc3 d6 6. Bg5 Qb6 7. Nb3 e6 8. Qd2 a6 9. O-O-O Be7 10. Kb1 O-O 11. f4 Qc7 12. Bd3 b5 13. g4 Rd8 14. Bxf6 Bxf6 15. g5 Be7 16. f5 Ne5 17. f6 Bf8 18. fxg7 Bxg7 19. h4 Bb7 20. h5 Rac8 21. g6 hxg6 22. hxg6 Nxg6 23. Qh2 Bxc3 24. bxc3 Qxc3 25. Qh7+ Kf8 26. e5 Nxe5 27. Rhf1 Ke7 28. Qg7 Rg8 29. Qf6+ Ke8 30. Bh7 Rg2 31. Rxd6 Rxc2 32. Rxe6+ fxe6 33. Qxe6+ Kd8 34. Qd6+ Ke8 35. Rf8# 1-0


[Site "https://www.chess.com"]

[Event "Titled Tuesday Blitz November 07 Late 2023"]
[White "Pinto, Daniel"]
[Black "Fernandez Bustamante, Leancy B."]
[WhiteFideId "3303144"]
[BlackFideId "3523870"]
[WhiteElo "2505"]
[BlackElo "2338"]
[Result "1-0"]
[Round "4"]
[TimeControl "180+1"]
[Date "2023.11.07"]
[WhiteClock "0:00:08"]
[BlackClock "0:00:09"]
[Board "112"]

1. e4 c5 2. Nf3 a6 3. c3 d5 4. exd5 Qxd5 5. d4 Nf6 6. Be2 Bg4 7. h3 Bh5 8. dxc5 Qxc5 9. O-O e6 10. b3 Nbd7 11. Ba3 Qc7 12. Bxf8 Nxf8 13. c4 Rd8 14. Qc1 N8d7 15. Nc3 O-O 16. Qe3 Qc5 17. Qxc5 Nxc5 18. Rfd1 Nce4 19. Na4 b5 20. cxb5 axb5 21. Bxb5 Bxf3 22. gxf3 Ng5 23. Bf1 Nxf3+ 24. Kh1 Rc8 25. Rac1 g6 26. Bg2 Nh4 27. Bc6 Rfd8 28. Rxd8+ Rxd8 29. b4 Rd2 30. Kg1 Rxa2 31. Nc3 Rb2 32. b5 Nf5 33. Na4 Rb4 34. Nc5 Nd4 35. Na6 Nxc6 36. Nxb4 Nxb4 37. b6 Nd7 38. b7 Na6 39. Rc8+ Kg7 40. Kg2 Kf6 41. Kf3 Ke7 42. Kg4 h6 43. h4 Ne5+ 44. Kf4 Nd7 45. Ke4 f5+ 46. Kf4 Kd6 47. Kg3 e5 48. f4 e4 49. Rg8 Kc7 50. b8=Q+ Naxb8 51. Rxg6 Nc6 52. Rxh6 Nd4 53. Kf2 Nc6 54. Rg6 Nc5 55. h5 Nd3+ 56. Ke3 Ncb4 57. h6 Nd5+ 58. Kd4 N3xf4 59. Rg7+ Kd6 60. h7 Ne6+ 61. Kc4 Ne3+ 62. Kb3 Nxg7 63. h8=Q Ne6 64. Qb8+ Ke7 65. Qa7+ Kf6 66. Qxe3 Ke5 67. Kc4 f4 68. Qc3+ Kf5 69. Kd5 f3 70. Qe5+ Kg4 71. Qxe4+ Nf4+ 72. Ke5 f2 73. Qxf4+ Kh3 74. Qxf2 Kg4 75. Qg2+ Kh4 76. Kf5 Kh5 77. Qg5# 1-0


[Site "https://www.chess.com"]

[Event "Titled Tuesday Blitz November 07 Late 2023"]
[White "Sreyas Payyappat"]
[Black "KorolDimitriy75"]
[WhiteFideId "46674969"]
[WhiteElo "2503"]
[BlackElo "2337"]
[Result "1-0"]
[Round "4"]
[TimeControl "180+1"]
[Date "2023.11.07"]
[WhiteClock "0:00:12"]
[BlackClock "0:00:00"]
[Board "113"]

1. e4 c5 2. Nf3 d6 3. d4 cxd4 4. Nxd4 Nf6 5. Nc3 g6 6. f4 Nbd7 7. Be3 Bg7 8. Be2 O-O 9. O-O a6 10. Bf3 Qc7 11. g4 e5 12. Nb3 exf4 13. Bxf4 Ne5 14. g5 Ne8 15. Nd5 Qd8 16. Nd4 Nc7 17. c3 Bh3 18. Rf2 Nxd5 19. exd5 Qd7 20. Nc2 Rae8 21. Ne3 f6 22. Bxe5 Rxe5 23. gxf6 Rxf6 24. Bg4 Bxg4 25. Nxg4 1-0


[Site "https://www.chess.com"]

[Event "Titled Tuesday Blitz November 07 Late 2023"]
[White "patzersame"]
[Black "Osmak, Yuliia"]
[BlackFideId "14101602"]
[WhiteElo "2328"]
[BlackElo "2502"]
[Result "1-0"]
[Round "4"]
[TimeControl "180+1"]
[Date "2023.11.07"]
[WhiteClock "0:00:34"]
[BlackClock "0:00:31"]
[Board "114"]

1. e4 c5 2. b4 cxb4 3. a3 d5 4. exd5 Qxd5 5. Nf3 e5 6. c4 Qd8 7. Bb2 e4 8. Nd4 bxa3 9. Nxa3 Nf6 10. Be2 Bc5 11. Nb3 Be7 12. O-O O-O 13. d4 exd3 14. Bxd3 Nc6 15. Qb1 Nb4 16. Bxf6 Bxf6 17. Bxh7+ Kh8 18. Be4 Bxa1 19. Nxa1 a5 20. Rd1 Qf6 21. Nb3 g6 22. Nxa5 Rxa5 23. Qxb4 Re5 24. Qxf8+ Kh7 25. Qxc8 Rxe4 26. Qxb7 Qd4 27. Qxf7+ Kh6 28. Qf8+ Kh7 29. Qf7+ Kh6 30. Qd5 Qe5 31. Qxe5 Rxe5 32. Kf1 Ra5 33. Rd3 1-0


[Site "https://www.chess.com"]

[Event "Titled Tuesday Blitz November 07 Late 2023"]
[White "Romero Ruscalleda, Josep"]
[Black "Bilan, Danila"]
[WhiteFideId "2231859"]
[BlackFideId "24161918"]
[WhiteElo "2321"]
[BlackElo "2499"]
[Result "0-1"]
[Round "4"]
[TimeControl "180+1"]
[Date "2023.11.07"]
[WhiteClock "0:00:58"]
[BlackClock "0:00:18"]
[Board "115"]

1. e4 c6 2. Nc3 d5 3. Nf3 Bg4 4. h3 Bxf3 5. Qxf3 e6 6. d4 dxe4 7. Qxe4 Nd7 8. Bf4 Ngf6 9. Qd3 Bb4 10. Bd2 Nd5 11. Nxd5 Bxd2+ 12. Qxd2 cxd5 13. Bd3 Rc8 14. O-O O-O 15. c3 a6 16. a4 Nb6 17. b3 a5 18. Rfe1 Nd7 19. Rac1 g6 20. Qh6 Qf6 21. Re3 Rc7 22. Rf3 Qg7 23. Qh4 Rfc8 24. Bb5 Nb8 25. Qf4 Nc6 26. h4 Nxd4 27. cxd4 Rxc1+ 28. Kh2 Rd1 29. Bd7 Rxd4 30. Qd6 Rd8 31. Qe7 Qf8 32. Rxf7 Qxe7 33. Rxe7 Rxh4+ 34. Kg3 Re4 35. Bxe6+ Kf8 36. Rd7 Rxd7 37. Bxd7 Ke7 38. Bb5 Rb4 39. f3 Rxb3 40. Kf4 Rxb5 41. axb5 Kd6 42. Ke3 Kc5 43. Kd3 Kxb5 44. Kd4 Kc6 45. f4 a4 46. g4 Kd6 47. Kc3 b5 48. Kb4 d4 49. g5 d3 50. Kc3 a3 51. Kxd3 a2 52. Kd4 a1=Q+ 0-1


[Site "https://www.chess.com"]